 Dungeon Crawl Stone Soup version 0.21-a0-270-g8204059 (webtiles) character file.

70128 cheesetheory the Unseen (level 15, -6/99 HPs)
             Began as a Kobold Berserker on Sept 12, 2017.
             Was the Champion of Trog.
             Mangled by an orc warrior
             ... wielding a +1 halberd of chopping
              (32 damage)
             ... on level 2 of the Orcish Mines on Sept 13, 2017.
             The game lasted 00:46:05 (20973 turns).

cheesetheory the Unseen (Kobold Berserker)         Turns: 20973, Time: 00:46:05

Health: -6/99      AC: 22    Str: 18    XL:     15   Next: 77%
Magic:  23/23      EV: 32    Int: 11    God:    Trog [******]
Gold:   1481       SH:  0    Dex: 22    Spells: 14/14 levels left

rFire    . . .     SeeInvis +   Y - +9 short sword "Xeissidgho" {freeze, +Inv MR+ Dex+3 Stlth+}
rCold    . . .     Gourm    .   (shield restricted)
rNeg     . . .     Faith    +   L - +2 leather armour "Vooh Bipp" {Str+2 Dex+4}
rPois    .         Spirit   .   K - +2 helmet {SInv}
rElec    .         Reflect  .   q - +2 cloak
rCorr    .         Harm     .   p - +2 pair of gloves
MR       ++...     Rnd*Rage +   H - +2 pair of boots
Stlth    +++++++++.             W - amulet of faith
HPRegen  0.26/turn              F - +4 ring of evasion
MPRegen  0.18/turn              C - +3 ring of protection

@: very slightly contaminated
A: talons 1, icy blue scales 1, berserk 1, carnivore 3, clumsy 1
a: Berserk, Trog's Hand, Brothers in Arms, Burn Spellbooks, Renounce Religion,
Evoke Invisibility


You were on level 2 of the Orcish Mines.
You worshipped Trog.
Trog was exalted by your worship.
You were very full.

You visited 3 branches of the dungeon, and saw 20 of its levels.
You also visited: Labyrinth and Sewer.

You collected 1601 gold pieces.
You spent 120 gold pieces at shops.

Inventory:

Hand Weapons
 j - a +3 antimagic rapier
 E - a +5 antimagic dagger
 G - a +3 quick blade of freezing
 Y - the +9 short sword "Xeissidgho" (weapon) {freeze, +Inv MR+ Dex+3 Stlth+}
   (Trog gifted it to you in a labyrinth)

   It has been specially enchanted to freeze those struck by it, causing extra
   injury to most foes and up to half again as much damage against particularly
   susceptible opponents.
   It can also slow down cold-blooded creatures.
   It affects your dexterity (+3).
   It affects your resistance to hostile enchantments.
   It lets you turn invisible.
   It makes you more stealthy.
Missiles
 r - 13 tomahawks of returning (quivered)
Armour
 a - a +0 troll leather armour
 p - a +2 pair of gloves (worn)
 q - a +2 cloak (worn)
 H - a +2 pair of boots (worn)
 K - a +2 helmet of see invisible (worn)
 L - the +2 leather armour "Vooh Bipp" (worn) {Str+2 Dex+4}
   (You found it in a labyrinth)

   It affects your strength (+2).
   It affects your dexterity (+4).
Jewellery
 x - a -3 ring of evasion
 C - a +3 ring of protection (right hand)
 F - a +4 ring of evasion (left hand)
 J - a +1 ring of evasion
 N - an uncursed ring of protection from magic
 T - an uncursed ring of see invisible
 U - an uncursed ring of ice
 W - an amulet of faith (around neck)
Wands
 d - a wand of flame (14/48)
 o - a wand of acid (8/15)
 t - a wand of random effects (29/48)
 w - a wand of polymorph (22/24)
 A - a wand of clouds (7/9)
 P - a wand of iceblast (3/15)
 Q - a wand of disintegration (15/24)
 V - a wand of random effects (16/48)
 Z - a wand of iceblast (10/15)
Scrolls
 e - 8 scrolls of teleportation
 f - a scroll of holy word
 g - 4 scrolls of recharging
 u - a scroll of fog
 y - a scroll of blinking
 B - 4 scrolls of remove curse
 I - 3 scrolls of enchant armour
 S - 3 scrolls of enchant weapon
Potions
 b - a potion of resistance
 h - 4 potions of might
 k - 3 potions of berserk rage
 l - 2 potions of cancellation
 n - 4 potions of curing
 v - 3 potions of ambrosia
 z - 3 potions of flight
 D - a potion of invisibility
 O - 2 potions of brilliance
Miscellaneous
 m - a phantom mirror
 R - a box of beasts
Comestibles
 c - 11 meat rations
 i - 7 royal jellies
 s - 7 chunks of flesh
 M - 17 fruits


   Skills:
 + Level 13.5 Fighting
 - Level 12.8 Short Blades
 - Level 1.5 Armour
 + Level 13.4 Dodging
 + Level 20.3 Stealth
 + Level 11.9 Evocations


You had 14 spell levels left.
You didn't know any spells.

Dungeon Overview and Level Annotations

Branches:
Dungeon (12/15)            Temple (0/1) D:7            Lair (6/6) D:8
 Shoals (0/4) Lair:3        Snake (0/4) Lair:2        Slime (0/5) Lair:5
    Orc (2/2) D:12            Elf (0/3) Orc:2

Altars:
Dithmenos
Elyvilon
Fedhas
Kikubaaqudgha
Nemelex Xobeh
Okawaru
Ru
Uskayaw
Yredelemnul
Zin
Beogh
Jiyva

Shops:
D:5 %[}:   Orc:2 (}*}

Annotations:
Lair:1 exclusion: 2 oklob plants


Innate Abilities, Weirdness & Mutations

You are small and have problems with some larger weapons.
You are carnivorous and can eat meat at any time.
You have sharp toenails.
You are partially covered in icy blue scales. (AC +2)
You tend to lose your temper in combat.
You are clumsy. (Dex -2)


Message History

You are too injured to fight recklessly!
You are too injured to fight recklessly!
You are too injured to fight recklessly!
You are too injured to fight recklessly!
You are too injured to fight recklessly!
You are too injured to fight recklessly!
Unknown command.
You are too injured to fight recklessly!
Unknown command.
You barely miss the orc. The orc misses you.
The orc warrior hits you from afar with a halberd of chopping!!
* * * LOW HITPOINT WARNING * * *
x2 The orc completely misses you.
You hit the orc but do no damage. The orc priest barely misses you.
The orc misses you. The gnoll barely misses you.
The orc completely misses you. x2
You hit the orc. You freeze the orc.
The orc is heavily wounded.
The orc misses you. x2
The orc warrior hits you from afar with a halberd of chopping!!
You die...

... ..........#... ...
..............## §...
#.............#∩ ..go.
..........#..#. ...#g#
#............#.
..#.og####............#.
.....ooo#.............##
.....go@o.......#.......
......oo#.............##
.#......####..........#.
#...#.## ##......#..#.
#.....# ###........#∩
##...# ##.#........##
#... #............. #..
##............
#...#....#.###


You could see 2 orc warriors, an orc priest, 4 gnolls and 6 orcs.

Vanquished Creatures
  A minotaur (Lab)
  A catoblepas (Lair:6)
  Fannar (Orc:1)
  7 hydras
  A deep troll shaman (Lair:6)
  8 death yaks
  6 two-headed ogres
  5 skeletal warriors (D:12)
  3 unseen horrors
  A lindwurm (Lair:6)
  8 orc knights (Orc:2)
  A cyclops (Orc:2)
  4 black mambas
  3 gargoyles
  15 elephants
  13 spiny frogs
  A torpor snail (Lair:5)
  2 kobold demonologists (D:11)
  7 komodo dragons
  A rime drake (Lair:1)
  2 ice devils (Lair:4)
  5 trolls
  3 polar bears
  A merfolk (D:11)
  5 hippogriffs
  Grinder (D:4)
  A snapping turtle (Lair:3)
  20 blink frogs
  4 dream sheep (Lair:6)
  A redback (Lab)
  A shadow (D:12)
  A wraith (D:11)
  2 wyverns
  27 yaks
  A steam dragon (D:11)
  Grum (D:9)
  A hungry ghost (D:8)
  Edmund (D:6)
  2 basilisks
  Menkaure (D:5)
  5 wargs
  13 water moccasins
  9 porcupines
  5 sky beasts
  A necrophage (D:8)
  28 orc warriors
  Purgy (Sewer)
  2 phantoms
  2 black bears
  2 ice beasts
  14 wolves
  12 ogres
  5 centaurs
  9 big kobolds
  18 crocodiles
  13 bullfrogs
  A gnoll sergeant (D:12)
  A wyvern skeleton (D:8)
  4 scorpions
  4 killer bees
  5 electric eels
  6 howler monkeys
  5 crimson imps
  2 jellies (D:9)
  A bullfrog zombie (D:10)
  3 hounds
  4 centaur skeletons
  8 orc priests
  Crazy Yiuf (D:4)
  A gnoll shaman (D:9)
  20 orc wizards
  2 bullfrog skeletons
  5 iguanas
  9 worker ants
  Terence (D:3)
  5 hell rats (Lair:4)
  A hound zombie (D:10)
  A hound skeleton (D:6)
  2 howler monkey skeletons
  2 worker ant zombies (D:6)
  12 gnolls
  10 adders
  5 oozes
  An adder zombie (D:8)
  7 worms
  2 dart slugs
  3 leopard geckos
  73 orcs
  7 giant cockroaches
  11 goblins
  9 hobgoblins
  6 jackals
  21 kobolds
  8 quokkas
  3 ball pythons
  16 bats
  2 frilled lizards (D:1)
  A leopard gecko skeleton (D:5)
  A leopard gecko zombie (D:5)
  A quokka zombie (D:5)
  9 rats
  A butterfly (D:7)
612 creatures vanquished.

Vanquished Creatures (collateral kills)
  2 orc knights (Orc:2)
  An elephant (Lair:3)
  3 blink frogs (Lair:2)
  A redback (Lab)
  7 yaks (Lair:2)
  2 basilisks
  2 wargs (Orc:2)
  6 orc warriors (Orc:2)
  A porcupine (D:8)
  A crocodile (D:8)
  A jelly (D:8)
  An orc wizard (D:8)
  3 orcs (Orc:2)
31 creatures vanquished.

Vanquished Creatures (others)
  3 orcs (Orc:2)
  3 bushes (D:8)
  A fungus (D:8)
  10 plants
  A withered plant (D:7)
18 creatures vanquished.

Grand Total: 661 creatures vanquished

Notes
Turn   | Place    | Note
-------+----------+-------------------------------------------
     0 | D:1      | cheesetheory the Kobold Berserker began the quest for the Orb.
     0 | D:1      | Reached XP level 1. HP: 14/14 MP: 1/1
    20 | D:1      | Reached skill level 1 in Stealth
    51 | D:1      | Reached XP level 2. HP: 19/19 MP: 2/2
   365 | D:1      | Reached XP level 3. HP: 22/23 MP: 3/3
   393 | D:1      | Reached ** piety under Trog
   424 | D:1      | Reached skill level 2 in Stealth
   426 | D:1      | Reached skill level 5 in Short Blades
  1035 | D:2      | Reached XP level 4. HP: 22/28 MP: 4/4
  1368 | D:2      | Reached skill level 3 in Stealth
  1433 | D:2      | Reached XP level 5. HP: 31/33 MP: 5/5
  1501 | D:2      | You fall through a shaft for 2 floors!
  1565 | D:4      | Reached skill level 4 in Stealth
  1922 | D:4      | Reached XP level 6. HP: 22/38 MP: 6/6
  2134 | D:4      | Got an ichor-stained robe
  2145 | D:4      | Identified the +2 robe "Ompetih" {MR+ Regen+ Str-5} (You found it on level 4 of the Dungeon)
  2369 | D:3      | Reached *** piety under Trog
  2695 | D:3      | Reached skill level 5 in Stealth
  2790 | D:3      | Noticed Terence
  2805 | D:3      | Killed Terence
  3041 | D:3      | Noticed a sky beast
  3054 | D:3      | Killed a sky beast
  3054 | D:3      | Reached XP level 7. HP: 19/44 MP: 7/7
  3325 | D:3      | Found a glowing silver altar of Zin.
  3392 | D:4      | Reached skill level 5 in Fighting
  3542 | D:4      | Reached skill level 6 in Stealth
  3851 | D:4      | Noticed Grinder
  3873 | D:4      | Killed Grinder
  3873 | D:4      | Reached XP level 8. HP: 50/50 MP: 8/8
  4020 | D:4      | Found a runed door.
  4075 | D:4      | Noticed Crazy Yiuf
  4079 | D:4      | Killed Crazy Yiuf
  4079 | D:4      | Reached skill level 7 in Stealth
  4280 | D:4      | Found a white marble altar of Elyvilon.
  4654 | D:4      | Found a hide-covered altar of Uskayaw.
  4654 | D:4      | Noticed a dagger
  4655 | D:4      | Noticed a dagger
  4753 | D:5      | Entered Level 5 of the Dungeon
  4836 | D:5      | Got an ichor-stained leather armour
  4847 | D:5      | Identified the cursed +1 leather armour of Vlad {rF+ Int+4 Stlth-} (You found it on level 5 of the Dungeon)
  4863 | D:5      | Reached **** piety under Trog
  4959 | D:5      | Found Taocrubb's Antique Armour Emporium.
  4995 | D:5      | Reached skill level 8 in Stealth
  5171 | D:5      | Found a glowing drain.
  5175 | Sewer    | Entered a sewer
  5207 | Sewer    | Noticed Purgy
  5222 | Sewer    | Killed Purgy
  5435 | D:5      | Found Rozxubeidgh's Book Boutique.
  5574 | D:5      | Found Jaxer's Food Boutique.
  5589 | D:5      | Found Ifus's Gadget Shop.
  5598 | D:5      | Got a crude bronze ring
  5601 | D:5      | Identified the ring "Hioxtu Ygho" {*Tele rPois} (You found it on level 5 of the Dungeon)
  5642 | D:5      | Noticed Menkaure
  5651 | D:5      | Reached skill level 9 in Stealth
  5651 | D:5      | Reached XP level 9. HP: 55/55 MP: 9/9
  5652 | D:5      | Found a blossoming altar of Fedhas.
  5656 | D:5      | Killed Menkaure
  5809 | D:5      | Found a basalt altar of Yredelemnul.
  5979 | D:5      | Reached skill level 10 in Short Blades
  6312 | D:6      | Received a gift from Trog
  6312 | D:6      | Reached skill level 10 in Stealth
  6345 | D:6      | Found an iron altar of Okawaru.
  6703 | D:6      | Reached ***** piety under Trog
  6812 | D:6      | Noticed Edmund
  6839 | D:6      | Killed Edmund
  7098 | D:7      | Reached skill level 11 in Stealth
  7333 | D:7      | Found an ancient bone altar of Kikubaaqudgha.
  7380 | D:7      | Found a staircase to the Ecumenical Temple.
  7424 | D:7      | Found a sparkling altar of Nemelex Xobeh.
  7582 | D:7      | Received a gift from Trog
  7759 | D:7      | Found a shadowy altar of Dithmenos.
  7902 | D:7      | Upgraded the game from 0.21-a0-265-gb353147 to 0.21-a0-270-g8204059
  7980 | D:5      | Bought a dyed leather armour for 120 gold pieces
  8061 | D:8      | Reached XP level 10. HP: 63/63 MP: 10/10
  8073 | D:8      | Reached skill level 5 in Dodging
  8126 | D:8      | Reached skill level 12 in Stealth
  8189 | D:8      | Received a gift from Trog
  8242 | D:8      | Found a staircase to the Lair.
  8249 | D:8      | Reached skill level 13 in Stealth
  8857 | D:9      | Noticed Grum
  8885 | D:9      | Killed Grum
  8898 | D:9      | Reached XP level 11. HP: 60/69 MP: 11/11
  9342 | D:9      | Found a sacrificial altar of Ru.
  9381 | D:9      | Reached skill level 14 in Stealth
  9481 | D:9      | Noticed a two-headed ogre
  9497 | D:9      | Killed a two-headed ogre
  9696 | D:10     | Entered Level 10 of the Dungeon
  9717 | D:10     | Received a gift from Trog
  9855 | D:10     | Noticed a two-headed ogre
  9862 | D:10     | Killed a two-headed ogre
 10145 | D:10     | Reached skill level 15 in Stealth
 10415 | D:10     | Noticed a two-headed ogre
 10417 | D:10     | Killed a two-headed ogre
 10745 | Lair:1   | Entered Level 1 of the Lair of Beasts
 11676 | Lair:1   | Reached XP level 12. HP: 39/76 MP: 12/12
 12405 | Lair:2   | Reached skill level 16 in Stealth
 12814 | Lair:2   | Reached skill level 10 in Fighting
 12877 | Lair:2   | Noticed a four-headed hydra
 12884 | Lair:2   | Killed a four-headed hydra
 12929 | Lair:2   | Found a staircase to the Snake Pit.
 13401 | Lair:3   | Reached skill level 17 in Stealth
 13533 | Lair:3   | Noticed an eight-headed hydra
 13539 | Lair:3   | Killed an eight-headed hydra
 13682 | Lair:3   | Noticed a five-headed hydra
 13689 | Lair:3   | Killed a five-headed hydra
 13732 | Lair:3   | Reached XP level 13. HP: 74/84 MP: 13/13
 13811 | Lair:3   | Reached skill level 10 in Dodging
 14028 | Lair:3   | Found a staircase to the Shoals.
 14339 | Lair:4   | Found a labyrinth entrance.
 14357 | Lab      | Entered a labyrinth
 14507 | Lab      | Reached skill level 18 in Stealth
 14519 | Lab      | Received a gift from Trog
 14523 | Lab      | Got a twisted short sword {god gift}
 14525 | Lab      | Identified the +9 short sword "Xeissidgho" {freeze, +Inv MR+ Dex+3 Stlth+} (Trog gifted it to you in a labyrinth)
 14783 | Lab      | Noticed a minotaur
 14791 | Lab      | Killed a minotaur
 14791 | Lab      | Reached skill level 5 in Evocations
 14910 | Lab      | Gained mutation: You are partially covered in icy blue scales. (AC +2) [potion of mutation]
 14910 | Lab      | Gained mutation: You are clumsy. (Dex -2) [potion of mutation]
 14910 | Lab      | Gained mutation: You tend to lose your temper in combat. [potion of mutation]
 14910 | Lab      | Gained mutation: You have sharp toenails. [potion of mutation]
 14957 | Lab      | Got a slimy leather armour
 14968 | Lab      | Identified the +2 leather armour "Vooh Bipp" {Str+2 Dex+4} (You found it in a labyrinth)
 14998 | Lab      | Got a polished chain mail
 15009 | Lab      | Identified the cursed +0 chain mail "Kannuharph" {rN++ Int-5 Dex+3 Stlth+} (You found it in a labyrinth)
 15336 | Lair:4   | Noticed an eight-headed hydra
 15344 | Lair:4   | Killed an eight-headed hydra
 15498 | Lair:4   | Noticed a five-headed hydra
 15516 | Lair:4   | Killed a five-headed hydra
 15535 | Lair:4   | Noticed a five-headed hydra
 15549 | Lair:4   | Killed a five-headed hydra
 16261 | Lair:5   | Found a staircase to the Slime Pits.
 16261 | Lair:5   | Found a viscous altar of Jiyva.
 16271 | Lair:5   | Reached XP level 14. HP: 90/90 MP: 20/20
 16354 | Lair:5   | Received a gift from Trog
 17001 | Lair:6   | Entered Level 6 of the Lair of Beasts
 17110 | Lair:6   | Reached skill level 19 in Stealth
 17395 | Lair:6   | Reached skill level 10 in Evocations
 17802 | Lair:6   | Received a gift from Trog
 18854 | D:11     | Found an ancient bone altar of Kikubaaqudgha.
 18876 | D:11     | Reached XP level 15. HP: 97/97 MP: 23/23
 19569 | D:12     | Received a gift from Trog
 19814 | D:12     | Reached ****** piety under Trog
 19815 | D:12     | Received a gift from Trog
 19873 | D:12     | Found a staircase to the Orcish Mines.
 19985 | Orc:1    | Entered Level 1 of the Orcish Mines
 20162 | Orc:1    | Reached skill level 20 in Stealth
 20290 | Orc:1    | Noticed Fannar
 20295 | Orc:1    | Killed Fannar
 20486 | Orc:2    | Entered Level 2 of the Orcish Mines
 20486 | Orc:2    | Found a staircase to the Elven Halls.
 20613 | Orc:2    | Found Ixop Ulucw's Assorted Antiques.
 20636 | Orc:2    | Found Xavek's Gadget Emporium.
 20640 | Orc:2    | Received a gift from Trog
 20781 | Orc:2    | Found a roughly hewn altar of Beogh.
 20790 | Orc:2    | Found Nedexzir's Weapon Boutique.
 20790 | Orc:2    | Found Ulirr's Gadget Emporium.
 20973 | Orc:2    | Mangled by an orc warrior

Vault maps used:
D:1:      dpeg_arrival_simpleton_c
D:2:      first_bread
D:3:      lemuel_round_altar, grunt_ministairs_3, uniq_terence
D:4:      dancing_weapons_uskayaw, overflow_temple_1_default, uniq_grinder,
          uniq_crazy_yiuf_cottage
D:5:      nicolae_overflow_hidden_temple, gup_sewer_entry_spiral, serial_shops,
          shop, kennysheep_little_box, shop, nicolae_shop_trees,
          hangedman_minor_gate_pass, uniq_menkaure
D:6:      okawaru_ov_weapons_minmay, feat_on_display, uniq_edmund
D:7:      kiku_gazebo_garden_becter, marbit_many_paths,
          grunt_dithmenos_smoke_and_mirrors, minmay_temple_entry_butterflies
D:8:      minmay_lair_entry_grove
D:9:      nicolae_ru_the_path_less_chosen, uniq_grum
D:11:     basic_altar, hangedman_fish_farm
D:12:     minmay_the_grid_octo_tiled_squarecenter,
          kennysheep_orc_monster_closet_entryway
Lair:1:   st_stairs_10, serial_bayou_ford_a, serial_bayou_shore_a,
          minmay_lair_oklob_chamber, serial_bayou_shore_b
Lair:2:   dummy_snake_entry, minivault_24, lemuel_old_faithful,
          serial_bayou_shore_b
Lair:3:   minmay_shoals_entry_hut, guppyfry_lair_drakes
Lair:4:   lab_entry_generic, portal_ice_cave_demonic_guard, grunt_megastairs_2
Lair:5:   slime_altar_1, infiniplex_staircase_pool
Lair:6:   grunt_lair_end_beastmaster, lemuel_fruit_tree, lemuel_fruit_fields,
          grunt_megastairs_4
Orc:1:    uniq_fannar
Orc:2:    st_orc_town, sword_in_stone
Lab:      nicolae_lab_plus, labyrinth_lava_lair, nicolae_lab_diamond,
          nicolae_lab_hexagon, lab_statue, nicolae_lab_grate_2,
          nicolae_lab_starburst
Sewer:    sewer_big_baddie

Skill      XL: |  1  2  3  4  5  6  7  8  9 10 11 12 13 14 15 |
---------------+----------------------------------------------+-----
Stealth        | 1 2 3 4 5 6 9 11 13 15 17 18 19 20 | 20.3
Short Blades   | 5 6 7 8 9 10 11 12 | 12.8
Fighting       | 4 5 6 7 8 9 10 11 12 13 | 13.5
Dodging        | 4 6 8 9 10 12 13 | 13.4
Evocations     | 8 10 11 | 11.9
Armour         | |  1.5

Action                   |  1- 3 |  4- 6 |  7- 9 | 10-12 | 13-15 || total
-------------------------+-------+-------+-------+-------+-------++-------
Melee: Short sword       |    91 |   168 |    86 |   496 |   932 ||  1773
       Dagger            |       |       |   353 |    40 |       ||   393
Throw: Tomahawk          |       |       |     2 |       |       ||     2
Invok: Berserk           |     1 |     9 |    14 |    12 |     9 ||    45
       Trog's Hand       |       |     1 |       |     1 |     1 ||     3
       Brothers in Arms  |       |       |       |     4 |     2 ||     6
       Burn Spellbooks   |       |       |       |     1 |     2 ||     3
 Abil: Evoke Invisibilit |       |       |       |       |    14 ||    14
Evoke: Wand              |       |       |     1 |       |       ||     1
  Use: Potion            |       |     1 |       |       |     9 ||    10
       Scroll            |       |     5 |     8 |    14 |    10 ||    37
 Stab: Sleeping          |     7 |     9 |    15 |    28 |    70 ||   129
       Distracted        |       |       |       |     2 |     4 ||     6
       Invisible         |       |       |       |       |    60 ||    60
       Petrified         |       |       |       |       |     1 ||     1
  Eat: Chunk             |    10 |    15 |    28 |    35 |    37 ||   125
Armor: Animal skin       |     4 |    19 |     9 |       |       ||    32
       Leather armour    |       |       |    37 |    83 |   100 ||   220
Dodge: Dodged            |    62 |   117 |   187 |   278 |   709 ||  1353

Table legend:
 A = Spawn XP
 B = Non-spawn XP
 C = Spawn XP percentage of total XP
 D = Spawn monster count
 E = Non-spawn monster count
 F = Spawn count percentage of total count
 G = Total turns spent on level
                    A         B        C        D         E        F      G
               +---------+---------+-------+---------+---------+-------+---------
         Total |       0 |  100184 |   0.0 |       0 |     641 |   0.0 | 20973
               +---------+---------+-------+---------+---------+-------+---------
           D:1 |       0 |      57 |   0.0 |       0 |      30 |   0.0 |   940
           D:2 |       0 |      89 |   0.0 |       0 |      17 |   0.0 |   561
           D:3 |       0 |     243 |   0.0 |       0 |      37 |   0.0 |  1189
           D:4 |       0 |     802 |   0.0 |       0 |      28 |   0.0 |  2063
           D:5 |       0 |    1011 |   0.0 |       0 |      25 |   0.0 |  1383
           D:6 |       0 |     816 |   0.0 |       0 |      18 |   0.0 |   846
           D:7 |       0 |     597 |   0.0 |       0 |      14 |   0.0 |   938
           D:8 |       0 |    3358 |   0.0 |       0 |      51 |   0.0 |  1039
           D:9 |       0 |    3479 |   0.0 |       0 |      38 |   0.0 |   679
          D:10 |       0 |    3121 |   0.0 |       0 |      21 |   0.0 |  1037
          D:11 |       0 |    7178 |   0.0 |       0 |      46 |   0.0 |   891
          D:12 |       0 |    8440 |   0.0 |       0 |      39 |   0.0 |   454
        Lair:1 |       0 |    3068 |   0.0 |       0 |      14 |   0.0 |  1603
        Lair:2 |       0 |    5488 |   0.0 |       0 |      26 |   0.0 |   916
        Lair:3 |       0 |    5421 |   0.0 |       0 |      18 |   0.0 |  1077
        Lair:4 |       0 |   10885 |   0.0 |       0 |      36 |   0.0 |  1176
        Lair:5 |       0 |   11166 |   0.0 |       0 |      33 |   0.0 |   918
        Lair:6 |       0 |   17963 |   0.0 |       0 |      52 |   0.0 |  1481
         Orc:1 |       0 |    2991 |   0.0 |       0 |      17 |   0.0 |   501
         Orc:2 |       0 |    9944 |   0.0 |       0 |      66 |   0.0 |   487
           Lab |       0 |    3932 |   0.0 |       0 |       9 |   0.0 |   675
         Sewer |       0 |     135 |   0.0 |       0 |       6 |   0.0 |   119
               +---------+---------+-------+---------+---------+-------+---------
